 Dungeon Crawl Stone Soup version 0.27.1-15-g792fb953b9 (webtiles) character file.

Game seed: 10309153168658522193

516 safid the Cleaver (level 7, -1/57 HPs)
             Began as a Hill Orc Fighter on Nov 19, 2021.
             Was an Initiate of Beogh.
             Succumbed to a killer bee's poison
             ... on level 4 of the Dungeon.
             The game lasted 00:08:05 (4110 turns).

safid the Cleaver (Hill Orc Fighter)                Turns: 4110, Time: 00:08:05

Health: -1/57      AC:  8    Str: 21    XL:     7   Next: 20%
Magic:  7/7        EV:  7    Int:  8    God:    Beogh [......]
Gold:   61         SH: 10    Dex: 10    Spells: 6/6 levels left

rFire    . . .     SeeInvis .   a - +0 war axe
rCold    . . .     Faith    .   c - +0 kite shield
rNeg     . . .     Spirit   .   b - +0 scale mail
rPois    .         Reflect  .   (no helmet)
rElec    .         Harm     .   u - +0 cloak
rCorr    .         Rampage  .   (no gloves)
Will     .....                  (no boots)
Stlth    ..........             (no amulet)
HPRegen  0.19/turn              (no ring)
MPRegen  0.10/turn              (no ring)

@: lethally poisoned (-1 -> -9), attractive
A: no striking features
a: Renounce Religion


You were on level 4 of the Dungeon.
You worshipped Beogh.
Beogh was noncommittal.
You visited 1 branch of the dungeon, and saw 4 of its levels.

You collected 61 gold pieces.

Inventory:

Hand Weapons
 a - a +0 war axe (weapon)
Missiles
 l - 4 atropa-tipped darts
 v - 7 poisoned darts (quivered)
Armour
 b - a +0 scale mail (worn)
 c - a +0 kite shield (worn)
 r - a +0 leather armour of poison resistance
 u - a +0 cloak (worn)
Jewellery
 t - a ring of ice
Wands
 y - a wand of flame (18)
Scrolls
 f - a scroll of fog {unknown}
 h - a scroll of enchant armour {unknown}
 i - a scroll of summoning {unknown}
 k - a scroll of acquirement {unknown}
 m - 4 scrolls of teleportation {unknown}
 o - a scroll of amnesia {unknown}
 p - a scroll of vulnerability {unknown}
 w - 3 scrolls of identify {unknown}
Potions
 d - a potion of might
 g - a potion of attraction
 j - a potion of degeneration {unknown}
 n - a potion of invisibility {unknown}
 q - 2 potions of flight {unknown}
 s - a potion of haste {unknown}
 x - a potion of heal wounds {unknown}


   Skills:
 - Level 3.6 Fighting
 * Level 8.4 Axes
 - Level 3.2 Armour
 + Level 5.6 Shields


You had 6 spell levels left.
You didn't know any spells.
Your spell library contained the following spells:

 Spells                   Type           Power      Damage    Failure   Level
 Gell's Gravitas          Tloc           0%         N/A       100%        3
 Lesser Beckoning         Tloc           0%         N/A       100%        3
 Teleport Other           Tloc           0%         N/A       100%        3


Dungeon Overview and Level Annotations

Branches:
Dungeon (4/15)
 Temple: D:4-7

Altars:


Message History

You see here a +0 robe.
You barely miss the killer bee. The killer bee barely misses you.
The killer bee stings you but does no damage.
Unknown command.
You barely miss the killer bee. You block the killer bee's attack.
The killer bee barely misses you. The killer bee closely misses you.
Unknown command.
You barely miss the killer bee. You block the killer bee's attack.
The killer bee stings you.
* * * LOW HITPOINT WARNING * * *
Unknown command.
You closely miss the killer bee. You block the killer bee's attack. x2
The killer bee stings you but does no damage.
Unknown command.
You completely miss the killer bee. The killer bee barely misses you.
You block the killer bee's attack.
Unknown command.
You miss the killer bee. The killer bee barely misses you.
The killer bee stings you.
* * * LOW HITPOINT WARNING * * *
You block the killer bee's attack.
Unknown command.
You miss the killer bee. The killer bee barely misses you.
You block the killer bee's attack.
Unknown command.
You miss the killer bee. You block the killer bee's attack.
The killer bee stings you but does no damage.
You block the killer bee's attack.
Unknown command.
You slash the killer bee!
The killer bee is severely wounded.
The killer bee stings you.
* * * LOW HITPOINT WARNING * * *
The killer bee stings you!
* * * LOW HITPOINT WARNING * * *
You are lethally poisoned!
The killer bee poisons you!
It was a potion of attraction.
You feel attractive to monsters.
You die...

##.## ##...## # ##.....## #.
#.......# #.. # #.....#
#...#. ##....#####
......####.).......#
#........)y#.#)###.###
######
#######.#@[....).....#
.....# #####.#..#.#..##.#.#
.###.# #.....#.......##.....
.#
#.#####.###.#######.####.###
.# #...........## ## #.# .#
## ######..#.......# #.. # #
#..###.###.# #### #
#..###.###.# #
###.......y#>#


You could see a killer bee.

Vanquished Creatures
  An ogre (D:4)
  A scorpion (D:4)
  4 killer bees
  Crazy Yiuf (D:3)
  An iguana (D:3)
  2 orc wizards (D:3)
  An adder (D:2)
  4 gnolls
  A worm (D:2)
  2 dart slugs
  4 orcs
  5 endoplasms
  A giant cockroach (D:3)
  9 goblins
  6 hobgoblins
  2 jackals (D:1)
  15 kobolds
  A quokka (D:2)
  4 ball pythons
  3 bats
  5 frilled lizards
  A rat (D:3)
74 creatures vanquished.

Vanquished Creatures (others)
  An orc (D:4)
  An endoplasm (D:4)
  6 fungi
8 creatures vanquished.

Grand Total: 82 creatures vanquished

Notes
Turn   | Place    | Note
-------+----------+-------------------------------------------
     0 | D:1      | safid the Hill Orc Fighter began the quest for the Orb.
     0 | D:1      | Reached XP level 1. HP: 19/19 MP: 1/1
   128 | D:1      | Reached skill level 3 in Axes
   357 | D:1      | Reached XP level 2. HP: 26/26 MP: 2/2
   417 | D:1      | Found a faded altar of an unknown god.
   868 | D:1      | Reached skill level 4 in Axes
  1046 | D:1      | Reached XP level 3. HP: 30/31 MP: 3/3
  1765 | D:2      | Reached XP level 4. HP: 37/39 MP: 4/4
  2029 | D:3      | Reached skill level 5 in Axes
  2048 | D:3      | Found a runed translucent door.
  2049 | D:3      | Noticed Crazy Yiuf
  2407 | D:3      | Reached XP level 5. HP: 14/45 MP: 5/5
  2860 | D:3      | Reached skill level 6 in Axes
  3134 | D:3      | Killed Crazy Yiuf
  3351 | D:4      | Reached XP level 6. HP: 26/51 MP: 6/6
  3356 | D:4      | HP: 1/51 [killer bee (7)]
  3362 | D:3      | Reached skill level 7 in Axes
  3362 | D:3      | Reached skill level 5 in Shields
  3675 | D:4      | Became a worshipper of Beogh the Brigand
  3992 | D:4      | Reached skill level 8 in Axes
  3992 | D:4      | Reached XP level 7. HP: 29/57 MP: 7/7
  4109 | D:4      | HP: 1/57 [killer bee (8)]
  4110 | D:4      | Succumbed to a killer bee's poison

Illustrated notes

Levels and vault maps discovered:
D:1:      evilmike_arrival_rings, layout_basic, shapermc_ecumenical_altar_ellora
D:2:      layout_loops_ring
D:3:      layout_basic, minmay_quantized, uniq_crazy_yiuf_cottage
D:4:      layout_loops_cross, mainiacjoe_overflow_boulevard, serial_glass,
          glass_columns_a, glass_columns_a, chequers_serial_rivers_marsh,
          minmay_misc_feat_square, nicolae_take_the_stairs, uniq_purgy

Skill      XL: |  1  2  3  4  5  6 |
---------------+-------------------+-----
Axes           | 3 4 5 6 8 |  8.4
Shields        | 4 5 |  5.6
Fighting       | |  3.6
Armour         | |  3.2

Action                   |  1- 3 |  4- 6 |  7- 9 || total
-------------------------+-------+-------+-------++-------
Melee: War axe           |    98 |   107 |    22 ||   227
Throw: Dart              |       |     2 |       ||     2
Invok: Convert to Beogh  |       |     1 |       ||     1
  Use: Potion            |       |     1 |     2 ||     3
 Stab: Distracted        |       |     1 |       ||     1
Armor: Scale mail        |    39 |    40 |     8 ||    87
Dodge: Dodged            |    33 |    39 |     7 ||    79
Block: Kite shield       |    44 |    52 |    23 ||   119
